 Dungeon Crawl Stone Soup version 0.26.0-18-gc5c842f807 (webtiles) character file.

Game seed: 13353660622003041975

106209 112233 the Eclecticist (level 16, 0/114 HPs)
             Began as an Octopode Conjurer on Jan 23, 2021.
             Was an Initiate of Gozag.
             Slain by a goliath frog (12 damage)
             ... on level 1 of the Swamp.
             The game lasted 01:06:19 (42877 turns).

112233 the Eclecticist (Octopode Conjurer)         Turns: 42877, Time: 01:06:20

Health: 0/114      AC:  5    Str: 11 (14) XL:     16   Next: 43%
Magic:  34/44      EV: 28    Int: 26 (27) God:    Gozag
Gold:   602        SH:  0    Dex: 23      Spells: 27/45 levels left

rFire    + . .     SeeInvis .   I - +4 lajatang "Nosuis" {venom, rElec Int+4}
rCold    . . .     Faith    .   (shield currently unavailable)
rNeg     . . .     Spirit   .   a - +2 hat
rPois    .         Reflect  .   H - amulet "Fuhel" {RegenMP Will+ Str+4}
rElec    +         Harm     .   j - ring of protection from fire
rCorr    .         Rampage  .   l - +4 ring of slaying
Will     +++..                  G - ring of wizardry
Stlth    +++++.....             F - +4 ring of evasion
HPRegen  0.29/turn              h - ring of magical power
MPRegen  0.54/turn              s - +6 ring of dexterity
                                X - +6 ring of dexterity
                                P - ring of willpower

@: marked
A: almost no armour, stealthy swim, amphibious, 8 rings, constrict 8, molten
scales 1, camouflage 1, deterioration 1, gelatinous body 1
a: Renounce Religion, Potion Petition, Call Merchant, Bribe Branch


You were on level 1 of the Swamp.
You worshipped Gozag.
Gozag was pleased with you.
You visited 6 branches of the dungeon, and saw 25 of its levels.
You also visited: Bailey and Gauntlet.

You collected 10298 gold pieces.
You spent 8470 gold pieces at shops.
You paid 1226 gold pieces to Gozag.

Inventory:

Hand Weapons
 I - the +4 lajatang "Nosuis" (weapon) {venom, rElec Int+4}
   (You took it off an orc warrior in a bailey)

   It poisons the flesh of those it strikes.
   It affects your intelligence (+4).
   It insulates you from electricity.
Missiles
 S - 3 throwing nets {!f}
Armour
 a - a +2 hat (worn)
 c - a +0 buckler
Jewellery
 g - an uncursed amulet of reflection
 h - a ring of magical power (on tentacle)
 j - a ring of protection from fire (left tentacle)
 l - a +4 ring of slaying (right tentacle)
 s - a +6 ring of dexterity (on tentacle)
 F - a +4 ring of evasion (on tentacle)
 G - a ring of wizardry (on tentacle)
 H - the amulet "Fuhel" (around mantle) {RegenMP Will+ Str+4}
   (You bought it in a shop on level 10 of the Dungeon)

   [amulet of magic regeneration]

   It increases your magic regeneration.
   It affects your strength (+4).
   It affects your willpower, your defense against some magical effects.
 J - the ring of Owkibluf {rPois rC+++ Int-5 SInv}
   (You bought it in a shop on level 10 of the Dungeon)

   [ring of see invisible]

   It affects your intelligence (-5).
   It renders you almost immune to cold.
   It protects you from poison.
   It lets you see invisible.
 P - a ring of willpower (on tentacle)
 X - a +6 ring of dexterity (on tentacle)
 Y - the ring of Wischetami {rElec rF+ rCorr Str-5}
   (You found it in a Gauntlet)

   [ring of resist corrosion]

   It affects your strength (-5).
   It protects you from fire.
   It insulates you from electricity.
   It provides partial protection from all sources of acid and corrosion.
Wands
 m - a wand of flame (11)
 C - a wand of enslavement (18)
 E - a wand of paralysis (1)
 K - a wand of acid (36)
 N - a wand of digging (11)
 R - a wand of iceblast (20)
 T - a wand of disintegration (35)
Scrolls
 b - 15 scrolls of remove curse {@r2}
 e - 5 scrolls of holy word
 f - 5 scrolls of magic mapping
 i - a scroll of fog
 q - 3 scrolls of summoning
 r - 11 scrolls of teleportation {@r3}
 t - 3 scrolls of immolation
 v - 6 scrolls of fear
 x - 2 scrolls of blinking
 U - 2 scrolls of identify {@r1}
Potions
 k - 2 potions of lignification
 n - 3 potions of cancellation
 o - a potion of invisibility
 w - a potion of resistance
 z - 3 potions of brilliance
 B - 4 potions of haste
 D - 4 potions of ambrosia
 M - a potion of magic
 O - 2 potions of berserk rage
 V - a potion of curing {@q1}
 W - 2 potions of might
Miscellaneous
 d - a tin of tremorstones (2/2)
 u - a phantom mirror
 L - a box of beasts (inert)
 Q - a condenser vane
 Z - a lightning rod (4/4)


   Skills:
 + Level 11.6 Fighting
 + Level 7.8 Staves
 + Level 12.0 Dodging
 - Level 2.6 Stealth
 + Level 1.6 Shields
 * Level 15.0 Spellcasting
 - Level 9.5 Conjurations
 - Level 1.6 Translocations
 - Level 5.6 Ice Magic
 - Level 7.4 Air Magic
 + Level 9.4 Evocations


You had 27 spell levels left.
You knew the following spells:

 Your Spells              Type           Power        Failure   Level
a - Magic Dart            Conj           100%         1%          1
b - Searing Ray           Conj           100%         1%          2
c - Iskenderun's Mystic   Conj/Tloc      48%          1%          4
d - Mephitic Cloud        Conj/Pois/Air  49%          1%          3
e - Freezing Cloud        Conj/Ice/Air   28%          8%          6
f - Wereblood             Tmut           19%          1%          2

Your spell library contained the following spells:

 Spells                   Type           Power        Failure   Level
 Beastly Appendage        Tmut           38%          1%          1
 Sandblast                Erth           38%          1%          1
 Summon Small Mammal      Summ           76%          1%          1
 Call Imp                 Summ           19%          1%          2
 Passwall                 Tmut/Erth      15%          1%          2
 Poisonous Vapours        Pois/Air       76%          1%          2
 Conjure Flame            Conj/Fire      44%          1%          3
 Dazzling Flash           Conj/Hex       88%          1%          3
 Stone Arrow              Conj/Erth      88%          1%          3
 Fulminant Prism          Conj/Hex       22%          1%          4
 Summon Lightning Spire   Summ/Air       38%          2%          4
 Call Canine Familiar     Summ           19%          3%          3
 Spider Form              Tmut/Pois      9%           3%          3
 Summon Guardian Golem    Hex/Summ       19%          3%          3
 Ice Form                 Ice/Tmut       34%          3%          4
 Summon Ice Beast         Ice/Summ       34%          3%          4
 Petrify                  Tmut/Erth      19%          11%         4
 Blade Hands              Tmut           9%           28%         5
 Lee's Rapid Deconstruct  Erth           9%           28%         5


Dungeon Overview and Level Annotations

Branches:
Dungeon (14/15)            Temple (1/1) D:7            Lair (6/6) D:10
  Swamp (1/4) Lair:3        Snake (1/4) Lair:2        Slime (0/5) Lair:5
    Orc (2/2) D:12            Elf (0/3) Orc:2        Vaults (0/5) D:14
 Bailey (visited)         Gauntlet (visited)

Altars:
Ashenzari
Cheibriados
Elyvilon
Fedhas
Gozag
Hepliaklqana
Kikubaaqudgha
Makhleb
Nemelex Xobeh
Qazlal
Ru
Trog
Uskayaw
Vehumet
Wu Jian
Xom
Yredelemnul
Zin
The Shining One

Shops:
D:5 *   D:9 ?=**   D:10 }??=[   Orc:2 ?*}*

Annotations:
D:5 exclusion: downstairs
D:14 Louise
Lair:5 2 transporters, exclusion: oklob plant
Swamp:1 2 transporters, exclusion: obsidian statue


Innate Abilities, Weirdness & Mutations

You cannot wear most types of armour.
You are very stealthy in the water. (Stealth+)
You are amphibious.
You can wear up to eight rings at the same time.
You can use your tentacles to constrict eight enemies at once.
Your skin changes colour to match your surroundings (Stealth+).
Your rubbery body absorbs attacks. (AC +1, EV +1)
You are partially covered in molten scales. (AC +2)
Your body sometimes deteriorates upon taking damage.


Message History

Casting: Searing Ray (safe; 1% risk of failure)
Aiming: Searing Ray (safe; 1% risk of failure)
Aim: a bunyip (water, heavily wounded, 17% to evade)
The searing ray hits the bunyip! (Press . to maintain the ray.)
A goliath frog comes into view.
Casting: Searing Ray (safe; 1% risk of failure)
You erupt in a blast of force!
The mystic blast hits the bunyip.
The bunyip howls a warning cry!
The bunyip claws you!!
Your body deteriorates!
You feel dopey. The bunyip completely misses you. The bunyip claws you!!
* * * LOW HITPOINT WARNING * * *
Casting: Iskenderun's Mystic Blast (mildly dangerous; 1% risk of failure)
You erupt in a blast of force!
The mystic blast hits the bunyip but does no damage.
The goliath frog misses you. The goliath frog hits you from afar!
You die...
Your body crumbles into a pile of gold.

♣♣...♣≈♣.♣
♣≈≈≈..♣♣.♣
♣♣....♣..♣
♣♣♣≈..≈.♣♣
♣♣.♣.♣≈≈.♣♣♣ ♣
♣♣.≈..≈♣≈≈≈≈♣≈♣
♣♣..≈..♣≈≈≈≈≈≈≈≈≈
♣♣...≈..≈≈≈♣≈♣≈≈≈≈
♣.≈...§.≈≈@≈F≈≈≈≈≈
♣♣≈≈.≈.≈♣≈x♣≈≈≈≈≈♣
♣.≈≈...≈≈≈≈.≈.≈≈≈≈
♣♣.♣.≈§.≈..≈.).≈≈≈
♣♣♣♣≈≈≈.≈≈≈☼§≈≈≈≈
♣♣.≈≈≈≈≈≈§§≈≈≈
♣♣♣≈♣≈≈☼♣§≈≈≈
♣≈≈≈≈≈≈≈♣≈


You could see a bunyip and a goliath frog.

Vanquished Creatures
  A sphinx (D:14)
  3 orc warlords
  A minotaur (Gauntlet)
  An eleionoma (Swamp:1)
  An ettin (Orc:1)
  3 ogre magi
  4 catoblepae
  3 vault guards (D:14)
  A naga warrior (Snake:1)
  14 hydras
  A centaur warrior (D:13)
  9 two-headed ogres
  Erica (Orc:1)
  A merfolk avatar (Lair:6)
  An alligator (Swamp:1)
  A queen ant (Lair:3)
  A deep troll earth mage (D:14)
  Urug (Orc:1)
  A shock serpent (Snake:1)
  Sonja (Lair:1)
  An iron troll (Orc:2)
  A goliath frog (Swamp:1)
  A spectral death yak (Gauntlet)
  A sea snake (Lair:6)
  A spriggan druid (Swamp:1)
  A deep troll (Orc:2)
  An unseen horror (D:13)
  A wizard (D:14)
  2 bog bodies (Swamp:1)
  5 orc knights
  A harpy (Lair:6)
  2 orc sorcerers (Orc:2)
  6 cyclopes
  2 oklob plants
  Maurice (D:12)
  4 black mambas
  Joseph (D:7)
  17 elephants
  A naga mage (Snake:1)
  21 cane toads
  2 molten gargoyles (Lair:4)
  Maggie (D:7)
  3 gargoyles
  A torpor snail (Lair:5)
  13 komodo dragons
  2 tengu conjurers (D:14)
  5 rime drakes
  A queen bee (Lair:2)
  4 polar bears
  9 trolls (Orc:2)
  21 blink frogs
  2 wind drakes (Lair:6)
  6 hornets
  2 tyrant leeches
  4 dream sheep (Lair:6)
  8 slime creatures
  A meliai zombie (D:13)
  A shadow (D:12)
  46 yaks
  A spriggan (Swamp:1)
  7 wyverns
  3 basilisks
  Grum (D:9)
  Menkaure (D:5)
  3 wargs
  6 swamp worms
  An acid dragon (D:13)
  5 nagas
  8 soldier ants (Lair:3)
  19 water moccasins
  26 orc warriors
  2 ice beasts
  5 black bears
  5 phantoms
  An eye of draining (D:12)
  A sky beast (D:6)
  14 wolves
  23 ogres
  11 centaurs
  6 big kobolds
  8 bullfrogs
  3 scorpions
  A water moccasin skeleton (D:5)
  39 killer bees
  28 wights
  11 howler monkeys
  3 electric eels
  5 lava snakes (Lair:4)
  A quasit (D:7)
  A centaur zombie (D:12)
  20 orc priests
  A jelly (D:10)
  A bullfrog skeleton (D:10)
  14 hounds
  5 iguanas
  19 worker ants
  14 orc wizards
  4 hell rats (Lair:5)
  2 hound zombies
  A howler monkey zombie (D:5)
  Robin (D:4)
  A gnoll (D:1)
  9 adders
  2 shadow imps
  A white imp (D:8)
  2 ufetubi
  An ooze (D:1)
  3 worms
  3 dart slugs (D:3)
  9 leopard geckos
  106 orcs
  7 giant cockroaches
  7 hobgoblins
  13 jackals
  37 kobolds
  2 quokkas
  A ball python (D:2)
  9 bats
  5 frilled lizards
  24 goblins
  A jackal zombie (D:6)
  7 rats
  2 rat zombies (D:9)
836 creatures vanquished.

Vanquished Creatures (collateral kills)
  A hydra (Lair:2)
  A killer bee (D:11)
  A howler monkey (D:13)
3 creatures vanquished.

Vanquished Creatures (others)
  An orc (D:7)
  50 fungi
  178 plants
229 creatures vanquished.

Grand Total: 1068 creatures vanquished

Notes
Turn   | Place    | Note
-------+----------+-------------------------------------------
     0 | D:1      | 112233 the Octopode Conjurer began the quest for the Orb.
     0 | D:1      | Reached XP level 1. HP: 11/11 MP: 3/3
    36 | D:1      | Reached XP level 2. HP: 17/17 MP: 0/5
   600 | D:2      | Learned a level 2 spell: Searing Ray
   693 | D:2      | Reached XP level 3. HP: 21/21 MP: 0/6
  1349 | D:3      | Gained mutation: You are clumsy. (Dex -2) [potion of
                  | mutation]
  1349 | D:3      | Gained mutation: Your body sometimes deteriorates upon
                  | taking damage. [potion of mutation]
  1349 | D:3      | Lost mutation: You are clumsy. (Dex -2) [potion of
                  | mutation]
  1349 | D:3      | Gained mutation: You are partially covered in molten
                  | scales. (AC +2) [potion of mutation]
  1356 | D:3      | Reached skill level 3 in Spellcasting
  1356 | D:3      | Reached XP level 4. HP: 26/27 MP: 2/8
  1598 | D:4      | Reached XP level 5. HP: 32/32 MP: 2/10
  1820 | D:4      | Reached skill level 1 in Fighting
  1823 | D:4      | Reached skill level 4 in Spellcasting
  1823 | D:4      | Reached XP level 6. HP: 38/38 MP: 0/12
  1925 | D:4      | Reached skill level 5 in Conjurations
  1962 | D:5      | Entered Level 5 of the Dungeon
  1986 | D:5      | Noticed an ice beast
  1994 | D:5      | Killed an ice beast
  2214 | D:5      | Found Wogofun's General Store.
  2253 | D:5      | Noticed Menkaure
  2258 | D:5      | Killed Menkaure
  2259 | D:5      | Reached XP level 7. HP: 45/45 MP: 5/14
  2800 | D:4      | Reached skill level 5 in Spellcasting
  3108 | D:4      | Noticed Robin
  3122 | D:4      | Killed Robin
  3324 | D:4      | Reached XP level 8. HP: 52/52 MP: 9/16
  3881 | D:1      | Learned a level 4 spell: Iskenderun's Mystic Blast
  5694 | D:6      | Reached skill level 6 in Spellcasting
  6069 | D:7      | Found a staircase to the Ecumenical Temple.
  6077 | D:7      | Noticed Maggie
  6083 | Temple   | Entered the Ecumenical Temple
  6246 | Temple   | Became a worshipper of Gozag Ym Sagoz the Greedy
  6462 | D:6      | Reached skill level 5 in Dodging
  7077 | D:6      | Reached skill level 7 in Spellcasting
  7178 | D:6      | Reached XP level 9. HP: 59/59 MP: 12/19
  7657 | D:5      | Reached skill level 5 in Fighting
  8097 | D:6      | Reached skill level 8 in Spellcasting
  8948 | D:7      | Found a broken altar of Ashenzari.
  9407 | D:7      | Killed Maggie
  9849 | D:7      | Noticed Joseph
  9853 | D:7      | Killed Joseph
  9854 | D:7      | Reached skill level 9 in Spellcasting
  9854 | D:7      | Reached XP level 10. HP: 50/68 MP: 21/23
 11877 | D:8      | Reached skill level 10 in Spellcasting
 12618 | D:9      | Found Lont's Jewellery Emporium.
 12625 | D:9      | Bought an uncursed ring of wizardry for 510 gold pieces
 12629 | D:9      | Found Duorgh's Magic Scroll Boutique.
 12636 | D:9      | Bought a scroll of blinking for 82 gold pieces
 12636 | D:9      | Bought a scroll of fear for 38 gold pieces
 12636 | D:9      | Bought a scroll of teleportation for 33 gold pieces
 12636 | D:9      | Bought a scroll of teleportation for 33 gold pieces
 12682 | D:9      | Found a flagged portal.
 12704 | Bailey   | Entered a bailey
 13274 | Bailey   | Learned a level 3 spell: Mephitic Cloud
 13299 | Bailey   | Noticed an orc knight
 13303 | Bailey   | Identified the +4 lajatang "Nosuis" {venom, rElec Int+4}
 13394 | Bailey   | Noticed an orc knight
 13400 | Bailey   | Killed an orc knight
 13543 | Bailey   | Killed an orc knight
 13543 | Bailey   | Noticed an orc knight
 13544 | Bailey   | Reached XP level 11. HP: 75/75 MP: 21/25
 13554 | Bailey   | Killed an orc knight
 14155 | D:9      | Noticed Grum
 14175 | D:9      | Killed Grum
 14188 | D:9      | Reached skill level 11 in Spellcasting
 14376 | D:9      | Found Adiddez's Assorted Antiques.
 14384 | D:9      | Bought a scroll labelled BESHRU AKOCYETT for 35 gold pieces
 14384 | D:9      | Bought a scroll labelled DEYFFE ENAUNK for 35 gold pieces
 14384 | D:9      | Bought a jewelled copper wand for 140 gold pieces
 14384 | D:9      | Bought a curved iron wand for 140 gold pieces
 14384 | D:9      | Bought a wand of digging (3) for 280 gold pieces
 14384 | D:9      | Bought a potion of heal wounds for 175 gold pieces
 14384 | D:9      | Bought a scroll of fear for 122 gold pieces
 14661 | D:9      | Found an ancient bone altar of Kikubaaqudgha.
 14809 | D:9      | Found Zodaa's General Store.
 15017 | D:10     | Entered Level 10 of the Dungeon
 15060 | D:10     | Found Ytuyruagi's Magic Scroll Boutique.
 15065 | D:10     | Bought a scroll of identify for 32 gold pieces
 15065 | D:10     | Bought a scroll of identify for 32 gold pieces
 15065 | D:10     | Bought a scroll of amnesia for 56 gold pieces
 15065 | D:10     | Bought a scroll of amnesia for 56 gold pieces
 15107 | D:10     | Found Faazeib's Gadget Emporium.
 15550 | D:10     | Noticed a two-headed ogre
 15566 | D:10     | Killed a two-headed ogre
 15567 | D:10     | Reached skill level 1 in Evocations
 15940 | D:10     | Found Kuimail's Magic Scroll Shoppe.
 15950 | D:10     | Bought a scroll of blinking for 90 gold pieces
 15950 | D:10     | Bought a scroll of teleportation for 36 gold pieces
 15950 | D:10     | Bought a scroll of teleportation for 36 gold pieces
 15950 | D:10     | Bought a scroll of teleportation for 36 gold pieces
 15950 | D:10     | Bought a scroll of magic mapping for 42 gold pieces
 15950 | D:10     | Bought a scroll of noise for 12 gold pieces
 16106 | D:10     | Found a staircase to the Lair.
 16346 | D:11     | Found a gate leading to a gauntlet.
 16355 | Gauntlet | Entered a Gauntlet
 16355 | Gauntlet | Found a transporter.
 16355 | Gauntlet | Found a transporter.
 16372 | Gauntlet | Found a transporter.
 16375 | Gauntlet | Found a transporter.
 16380 | Gauntlet | Noticed a death scarab
 16383 | Gauntlet | Found a transporter.
 16387 | Gauntlet | Found a transporter.
 16388 | Gauntlet | Noticed a spectral death yak
 16395 | Gauntlet | Noticed a thrashing horror
 16396 | Gauntlet | Found a transporter.
 16407 | Gauntlet | Noticed a thrashing horror
 16414 | Gauntlet | Noticed a death yak
 16414 | Gauntlet | Noticed a death yak
 16414 | Gauntlet | Noticed a death yak
 16415 | Gauntlet | Found a transporter.
 16415 | Gauntlet | Noticed a death yak
 16415 | Gauntlet | Noticed a death yak
 16433 | Gauntlet | Found a transporter.
 16437 | Gauntlet | Found a transporter.
 16441 | Gauntlet | Found a runed translucent door.
 16443 | Gauntlet | Found a runed translucent door.
 16445 | Gauntlet | Found a transporter.
 16449 | Gauntlet | Found a transporter.
 16449 | Gauntlet | Noticed an oklob plant
 16966 | Gauntlet | Killed a spectral death yak
 17109 | Gauntlet | Got a transparent lead ring
 17120 | Gauntlet | Identified the ring of Wischetami {rElec rF+ rCorr Str-5}
                  | (You found it in a Gauntlet)
 17199 | Gauntlet | Noticed a minotaur
 17215 | Gauntlet | Killed a minotaur
 17819 | D:11     | Reached XP level 12. HP: 74/84 MP: 27/27
 18591 | D:12     | HP: 4/81 [orc priest/divine providence (14)]
 19088 | D:12     | Reached skill level 12 in Spellcasting
 19942 | D:12     | Reached skill level 1 in Staves
 20129 | D:12     | Found a staircase to the Orcish Mines.
 20273 | Orc:1    | Entered Level 1 of the Orcish Mines
 20278 | Orc:1    | Noticed Erica
 20297 | Orc:1    | Killed Erica
 20298 | Orc:1    | Reached skill level 1 in Translocations
 20298 | Orc:1    | Reached skill level 1 in Air Magic
 20313 | Orc:1    | Noticed an ettin
 20597 | Orc:1    | Killed an ettin
 20597 | Orc:1    | Noticed Maurice
 20752 | D:12     | Killed Maurice
 21130 | Orc:2    | Entered Level 2 of the Orcish Mines
 21130 | Orc:2    | Found Wocka's Gadget Shoppe.
 21130 | Orc:2    | Found Mampoboo's Magic Scroll Emporium.
 21130 | Orc:2    | Found Pues's General Store.
 21130 | Orc:2    | Noticed an ogre mage
 21130 | Orc:2    | Noticed a two-headed ogre
 21130 | Orc:2    | Noticed a two-headed ogre
 21130 | Orc:2    | Noticed a two-headed ogre
 21130 | Orc:2    | Noticed an ogre mage
 21130 | Orc:2    | Noticed a two-headed ogre
 21130 | Orc:2    | Noticed a two-headed ogre
 21130 | Orc:2    | Noticed a two-headed ogre
 21130 | Orc:2    | Noticed an iron troll
 21130 | Orc:2    | Noticed a two-headed ogre
 21131 | Orc:2    | Noticed a two-headed ogre
 21148 | Orc:2    | Killed an ogre mage
 21148 | Orc:2    | Killed a two-headed ogre
 21153 | Orc:2    | Killed a two-headed ogre
 21159 | Orc:2    | Killed an iron troll
 21162 | Orc:2    | Noticed an orc warlord
 21165 | Orc:2    | Killed a two-headed ogre
 21166 | Orc:2    | Reached skill level 10 in Dodging
 21166 | Orc:2    | Reached skill level 5 in Evocations
 21167 | Orc:2    | Killed a two-headed ogre
 21171 | Orc:2    | Killed an ogre mage
 21172 | Orc:2    | Reached XP level 13. HP: 82/91 MP: 29/29
 21175 | Orc:2    | Reached skill level 13 in Spellcasting
 21180 | Orc:2    | Killed an orc warlord
 21181 | Orc:2    | Reached skill level 10 in Fighting
 21274 | Orc:2    | Found Kokol's Assorted Antiques.
 21395 | Orc:2    | Found a staircase to the Elven Halls.
 21460 | Orc:2    | Bought a shiny ruby ring for 100 gold pieces
 21671 | Orc:2    | Noticed an orc warlord
 21707 | Orc:2    | Killed an orc warlord
 22590 | Orc:1    | Noticed Urug
 22614 | Orc:1    | Killed Urug
 22788 | Orc:2    | Bought a potion of invisibility for 160 gold pieces
 22788 | Orc:2    | Bought a scroll of immolation for 70 gold pieces
 22788 | Orc:2    | Bought a scroll of immolation for 70 gold pieces
 22795 | Orc:2    | Bought a scroll of teleportation for 36 gold pieces
 22795 | Orc:2    | Bought a potion of might for 48 gold pieces
 22795 | Orc:2    | Bought a scroll of identify for 24 gold pieces
 22801 | Orc:2    | Bought a wand of paralysis (11) for 195 gold pieces
 22801 | Orc:2    | Bought a wand of iceblast (3) for 105 gold pieces
 22801 | Orc:2    | Bought a wand of acid (10) for 420 gold pieces
 22801 | Orc:2    | Bought a wand of acid (5) for 270 gold pieces
 22801 | Orc:2    | Bought a wand of acid (6) for 300 gold pieces
 22801 | Orc:2    | Bought a box of beasts for 600 gold pieces
 22815 | Orc:2    | Learned a level 6 spell: Freezing Cloud
 23005 | D:13     | Found a radiant altar of Vehumet.
 23779 | D:13     | Reached skill level 1 in Ice Magic
 24077 | D:14     | Noticed a vault guard
 24439 | D:14     | Noticed a vault guard
 24484 | D:14     | Reached XP level 14. HP: 46/99 MP: 30/31
 25258 | D:14     | Reached skill level 5 in Staves
 25322 | D:14     | Found a gate to the Vaults.
 25331 | D:14     | Reached skill level 5 in Air Magic
 25866 | D:14     | Noticed an orc warlord
 26247 | D:14     | Killed an orc warlord
 26388 | D:14     | Noticed a sphinx
 26401 | D:14     | Killed a sphinx
 26444 | D:14     | Noticed Louise
 27300 | Lair:1   | Entered Level 1 of the Lair of Beasts
 27300 | Lair:1   | Noticed Sonja
 27304 | Lair:1   | Killed Sonja
 28669 | Lair:1   | You fall into a shaft and drop 1 floor!
 28885 | Lair:2   | Found a staircase to the Snake Pit.
 30659 | Lair:2   | Reached skill level 14 in Spellcasting
 31730 | Lair:2   | Reached XP level 15. HP: 105/105 MP: 18/33
 33482 | Lair:3   | Found a staircase to the Swamp.
 36047 | Lair:5   | Found a transporter.
 36733 | Lair:5   | Found a transporter.
 37404 | Lair:5   | Found a staircase to the Slime Pits.
 37507 | Lair:6   | Entered Level 6 of the Lair of Beasts
 37513 | Lair:6   | Reached skill level 5 in Ice Magic
 38198 | Lair:6   | Found a basalt altar of Yredelemnul.
 38709 | Lair:6   | Reached XP level 16. HP: 102/112 MP: 9/34
 39173 | Lair:6   | Paralysed by a hornet for 1 turns
 41547 | Orc:2    | Bought a scroll of acquirement for 884 gold pieces
 41572 | Orc:2    | Acquired 1352 gold pieces
 41597 | Orc:2    | Bought a wand of iceblast (6) for 150 gold pieces
 41607 | Orc:2    | Bought a scroll of blinking for 127 gold pieces
 41607 | Orc:2    | Bought a scroll of holy word for 127 gold pieces
 41607 | Orc:2    | Bought a scroll of teleportation for 51 gold pieces
 41607 | Orc:2    | Bought a scroll of holy word for 127 gold pieces
 41607 | Orc:2    | Bought a scroll of summoning for 161 gold pieces
 41607 | Orc:2    | Bought a scroll of fear for 59 gold pieces
 41607 | Orc:2    | Bought a scroll of fear for 59 gold pieces
 41739 | D:10     | Bought a wand of acid (11) for 330 gold pieces
 41739 | D:10     | Bought a wand of acid (9) for 286 gold pieces
 41739 | D:10     | Bought a tin of tremorstones (2/2) for 440 gold pieces
 41782 | D:10     | Bought the amulet "Fuhel" {RegenMP Will+ Str+4} for 612
                  | gold pieces
 41782 | D:10     | Bought the ring of Owkibluf {rPois rC+++ Int-5 SInv} for
                  | 608 gold pieces
 41799 | D:10     | Learned a level 2 spell: Wereblood
 41829 | Snake:1  | Entered Level 1 of the Snake Pit
 42296 | Swamp:1  | Entered Level 1 of the Swamp
 42341 | Swamp:1  | Reached skill level 1 in Shields
 42370 | Swamp:1  | Reached skill level 15 in Spellcasting
 42440 | Swamp:1  | Found a transporter.
 42457 | Swamp:1  | Found a transporter.
 42877 | Swamp:1  | Slain by a goliath frog

Illustrated notes

Levels and vault maps discovered:
D:1:      tarquinn_simple_flora_water_e, layout_basic, minmay_misc_feat_rows
D:2:      layout_loops_ring
D:3:      layout_rooms, minmay_misc_feat_square, lexackson_kobold_supper
D:4:      layout_basic, nicolae_ossuary_entry_monument, uniq_robin
D:5:      layout_rooms, serial_shops,
          nicolae_shop_temple_entry_statues_fountains, uniq_menkaure
D:6:      layout_layer_cave
D:7:      layout_gridville, minmay_temple_entry_offerings, basic_altar,
          minivault_25, uniq_joseph, uniq_maggie
D:8:      layout_loops_ring, special_room [special_room_orc]
D:9:      layout_roguey, lemuel_zombie_altar_kikubaaqudgha, serial_shops,
          shop_statue, shop, nicolae_shop_waterfront, nicolae_shop_behind_doors,
          enter_bailey_3, uniq_grum
D:10:     layout_roguey, david_lair_shrubbed, serial_shops,
          kennysheep_little_box, shop, nicolae_shop_window_shopping,
          dk_vineyard_2, kennysheep_cluttered_room
D:11:     layout_loops_ring, gauntlet_entry_generic
D:12:     layout_gridville, david_orc_4, hangedman_decor_clover_reticule
D:13:     layout_basic, minivault_24, lemuel_centaur_altar
D:14:     minmay_textured_paths, layout_cave_pools,
          grunt_vaults_entry_fortified, fedhas_altar_1, minmay_splitting_lines,
          uniq_louise
Temple:   minmay_crystal_snake_temple
Lair:1:   layout_chaotic_city, serial_forest, infiniplex_forest_lined_room_3,
          infiniplex_forest_fountain, infiniplex_forest_straight_4,
          infiniplex_forest_clump_small, minmay_lair_oklob_chamber, uniq_sonja
Lair:2:   layout_roguey [special_room_bee], guppyfry_snake_entry_island,
          minivault_19, beast_lair_carwin_10, serial_bayou_shore_a
Lair:3:   layout_loops_ring, palyth_hydra_swamp_entry, minmay_another_anthill,
          infiniplex_staircase_pool
Lair:4:   cheibrodos_magma_flow, layout_cave_pods, lookout_lair_type,
          st_stairs_4, wad_woods_road_03
Lair:5:   gammafunk_cloud_chamber, layout_cellular_growth,
          minmay_slime_entry_oklob_enclosed
Lair:6:   gammafunk_lair_ancient_temple, layout_long_grid, basic_altar
Swamp:1:  gammafunk_sealed_arena, layout_falls_marsh,
          nicolae_swamp_triple_paths, swamp_pool1, grunt_lady_of_the_lake
Snake:1:  layout_cave_shapes, grunt_megastairs_5, uniq_aizul
Orc:1:    layout_caves, uniq_urug, uniq_erica, uniq_maurice
Orc:2:    st_orc_open, layout_caves

Skill      XL: |  1  2  3  4  5  6  7  8  9 10 11 12 13 14 15 16 |
---------------+-------------------------------------------------+-----
Spellcasting   | 3 4 5 7 9 10 11 12 13 14 15 | 15.0
Dodging        | 3 4 5 7 8 9 10 11 12 | 12.0
Fighting       | 1 2 3 4 6 7 8 9 10 11 | 11.6
Conjurations   | 5 6 7 8 9 |  9.5
Evocations     | 3 5 6 7 8 9 |  9.4
Staves         | 3 4 6 7 |  7.8
Translocations | 1 |  1.6
Air Magic      | 3 4 6 7 |  7.4
Ice Magic      | 1 3 5 |  5.6
Shields        | 1 |  1.6
Stealth        | |  2.6

Action                   |  1- 3 |  4- 6 |  7- 9 | 10-12 | 13-15 | 16-18 || total
-------------------------+-------+-------+-------+-------+-------+-------++-------
Melee: Dagger            |    12 |     3 |    35 |       |       |       ||    50
       Constrict         |     5 |     2 |    11 |    46 |    65 |     8 ||   137
       Tentacles         |     3 |       |     4 |    36 |    96 |    14 ||   153
       Trident           |       |       |     8 |    88 |       |       ||    96
       Lajatang          |       |       |       |   149 |   353 |    63 ||   565
 Cast: Magic Dart        |    68 |    15 |   217 |    47 |    34 |    15 ||   396
       Searing Ray       |     3 |    24 |    69 |   203 |   171 |    41 ||   511
       Iskenderun's Myst |       |       |     1 |    56 |   147 |    29 ||   233
       Mephitic Cloud    |       |       |       |    20 |    29 |       ||    49
       Freezing Cloud    |       |       |       |       |    49 |    34 ||    83
       Wereblood         |       |       |       |       |       |     1 ||     1
Invok: Call Merchant     |       |       |       |       |       |     2 ||     2
Evoke: Wand              |       |       |     9 |    20 |    37 |     8 ||    74
       Condenser vane    |       |       |       |     2 |     3 |       ||     5
       Lightning rod     |       |       |       |     4 |     5 |       ||     9
       Phantom mirror    |       |       |       |     1 |     2 |       ||     3
       Box of beasts     |       |       |       |       |     2 |     1 ||     3
  Use: Potion            |     1 |       |     4 |    14 |     1 |     2 ||    22
       Scroll            |       |       |     1 |    26 |    14 |     2 ||    43
 Stab: Sleeping          |       |       |       |     9 |    13 |     1 ||    23
       Distracted        |       |       |       |     2 |     6 |     2 ||    10
       Confused          |       |       |       |     1 |     5 |       ||     6
       Invisible         |       |       |       |     3 |       |       ||     3
       Paralysed         |       |       |       |       |    18 |       ||    18
Armor: Skin              |     2 |       |    24 |    35 |    28 |     4 ||    93
Dodge: Dodged            |    20 |     7 |    97 |   325 |   533 |   128 ||  1110
Block: Other             |     5 |     1 |    35 |    70 |   117 |    18 ||   246
       Reflection        |     1 |       |     2 |     2 |     5 |       ||    10
